[Event "Saturday Night Round Robin 3m+1s Starts at 2200hrs ST No Late Joins Possilbe"]
[Site "Infinity Chess"]
[Date "2018.1.27"]
[Round "5"]
[White "star99"]
[Black "tris77"]
[Result "1/2-1/2"]
[ECO "D11"]
[WhiteElo "2446"]
[BlackElo "2400"]
[WhiteEngine "Cryptic AIL V2"]
[BlackEngine "stockfish_18012416_x64_modern_CTG"]
[EventType "Round Robin"]
[WhiteTeam ""]
[BlackTeam ""]
[PlyCount "97"]
[TimeControl "180+1"]

1. d4 d5 2. c4 c6 3. Nf3 Nf6 4. e3 e6 5. Bd3 dxc4 6. Bxc4 c5 7. O-O a6 
8. b3 cxd4 9. Nxd4 Bb4 10. Bb2 O-O 11. Nd2 e5 12. N4f3 Nc6 13. Qc2 Qe7 
14. Rfd1 Bd7 15. Rac1 Rad8 16. h3 g6 17. Qb1 Ba3 18. Bxa3 Qxa3 19. Ne4 Nxe4 
20. Qxe4 Kg7 21. Qc2 f6 22. Bd5 Rc8 23. Qb1 Rfd8 24. Be4 Qe7 25. Rd2 Be8 
26. g4 Rxd2 27. Nxd2 Rd8 28. Nf1 a5 29. Qc2 Nb4 30. Qc5 Qxc5 31. Rxc5 b6 
32. Rc7+ Kh6 33. Rb7 Rd6 34. a3 Na6 35. Re7 Nc5 36. Bg2 Bb5 37. b4 axb4 
38. axb4 Rd7 39. Rxd7 Nxd7 40. Ng3 Nb8 41. Ne4 Kg7 42. Nc3 Bd7 43. Nd5 b5 
44. Nc7 Kf7 45. Bf1 Ke7 46. Nd5+ Kf7 47. Nc7 Ke7 48. Nd5+ Kf7 49. Nc7 1/2-1/2

[Event "Saturday Night Round Robin 3m+1s Starts at 2200hrs ST No Late Joins Possilbe"]
[Site "Infinity Chess"]
[Date "2018.1.27"]
[Round "5"]
[White "klasman"]
[Black "Gilgamesch"]
[Result "1/2-1/2"]
[ECO "C50"]
[WhiteElo "2475"]
[BlackElo "2570"]
[WhiteEngine "asmFishW_2018-01-01_popcnt_CTG"]
[BlackEngine "BrainFish_171005_x64_bmi2"]
[EventType "Round Robin"]
[WhiteTeam ""]
[BlackTeam ""]
[PlyCount "121"]
[TimeControl "180+1"]

1. e4 e5 2. Nf3 Nc6 3. Bc4 Bc5 4. O-O Nf6 5. d3 a5 6. c3 d6 7. Re1 O-O 
8. Nbd2 Be6 9. Bb5 Ne7 10. d4 Ba7 11. Nf1 exd4 12. Nxd4 Ng6 13. Ba4 c6 
14. Bc2 Bg4 15. f3 Bd7 16. Ng3 Re8 17. f4 b5 18. h3 b4 19. Be3 Bc5 20. Qf3 bxc3 
21. bxc3 Rb8 22. Rab1 a4 23. Rxb8 Qxb8 24. Rb1 Qa7 25. Kh2 Qa5 26. Nge2 Qc7 
27. Bd2 Qa5 28. Be1 h5 29. Bd3 Qc7 30. Nc2 h4 31. Kh1 Bb6 32. Ncd4 c5 
33. Nb5 Bxb5 34. Bxb5 Rxe4 35. Bd3 Re8 36. Bxg6 fxg6 37. Bxh4 Ne4 38. Qg4 Ba5 
39. Qxg6 Qf7 40. f5 Qxg6 41. fxg6 Bxc3 42. Nxc3 Nxc3 43. Rb7 Nxa2 44. Be7 Nc1 
45. Bxd6 Nd3 46. Ra7 Rc8 47. Rxa4 c4 48. Bb4 Nxb4 49. Rxb4 c3 50. Rb1 c2 
51. Rc1 Rc3 52. Kg1 Kf8 53. Kf2 Ke8 54. Ke1 Rc6 55. Kd2 Rxg6 56. Re1+ Kf7 
57. g4 Rc6 58. Rc1 Ke8 59. Rxc2 Rxc2+ 60. Kxc2 g5 61. Kc1 1/2-1/2

[Event "Saturday Night Round Robin 3m+1s Starts at 2200hrs ST No Late Joins Possilbe"]
[Site "Infinity Chess"]
[Date "2018.1.27"]
[Round "5"]
[White "incredible"]
[Black "MrScience"]
[Result "1/2-1/2"]
[ECO "E10"]
[WhiteElo "2465"]
[BlackElo "2536"]
[WhiteEngine "Houdini 6"]
[BlackEngine "BrainFish_x64_modern"]
[EventType "Round Robin"]
[WhiteTeam ""]
[BlackTeam ""]
[PlyCount "180"]
[TimeControl "180+1"]

1. d4 Nf6 2. c4 e6 3. Nf3 d5 4. Nc3 dxc4 5. e4 Bb4 6. Bg5 c5 7. Bxc4 cxd4 
8. Nxd4 Bxc3+ 9. bxc3 Qa5 10. Bb5+ Nbd7 11. Bxf6 Qxc3+ 12. Kf1 gxf6 13. h4 a6 
14. Rh3 Qb4 15. Be2 O-O 16. Rb1 Qd6 17. Qd2 Kh8 18. Rg3 Rg8 19. Rxg8+ Kxg8 
20. Rb3 Kh8 21. Rd3 Qh2 22. Rh3 Qd6 23. Rg3 b5 24. Bf3 Ra7 25. e5 fxe5 
26. Qg5 Qf8 27. Nc6 f6 28. Qg4 f5 29. Qg5 h6 30. Qg6 Rc7 31. Qxe6 Kh7 
32. Kg1 Nf6 33. Qxe5 Rf7 34. h5 Ng4 35. Qc3 Qd6 36. Qc2 Ne3 37. Qe2 Ng4 
38. Bxg4 Qxc6 39. Bf3 Qe6 40. Qb2 Re7 41. Rg6 Qe1+ 42. Kh2 Qe5+ 43. Qxe5 Rxe5 
44. Rc6 Be6 45. Rxa6 f4 46. Ra7+ Kg8 47. a4 bxa4 48. Rxa4 Bf7 49. Rxf4 Bxh5 
50. Bxh5 Rxh5+ 51. Kg1 Kh7 52. Re4 Kg6 53. Re6+ Kf7 54. Ra6 Kg8 55. Ra7 Rb5 
56. Ra4 Kf7 57. g3 h5 58. Kg2 Rb2 59. Ra1 Kg6 60. Rf1 Kg5 61. Kh3 Kh6 62. f3 Rb3 
63. f4 Rb6 64. Ra1 Rg6 65. Ra7 Rg4 66. Ra6+ Kh7 67. Ra3 Rg8 68. Rc3 Kh6 
69. Rc6+ Kh7 70. Rd6 Rg4 71. Rd7+ Kg6 72. Rd1 Kh7 73. Rd2 Rg8 74. Rf2 Rg4 
75. Rf1 Kh6 76. Re1 Rg8 77. Rd1 Rg4 78. Rd2 Rg7 79. Rd6+ Kh7 80. Rd5 Kh6 
81. Rf5 Rg4 82. Rc5 Rg6 83. Rc8 Kh7 84. Rc2 Kh6 85. Ra2 Rg4 86. Ra7 Rg8 
87. g4 hxg4+ 88. Kg3 Rg6 89. f5 Rg5 90. f6 Rg8 1/2-1/2

[Event "Saturday Night Round Robin 3m+1s Starts at 2200hrs ST No Late Joins Possilbe"]
[Site "Infinity Chess"]
[Date "2018.1.27"]
[Round "5"]
[White "xeonrocks"]
[Black "ludimilojko"]
[Result "1/2-1/2"]
[ECO "C53"]
[WhiteElo "2524"]
[BlackElo "2375"]
[WhiteEngine "asmFishW_CTG"]
[BlackEngine "asmFishW_2018-01-12_popcnt_CTG"]
[EventType "Round Robin"]
[WhiteTeam ""]
[BlackTeam ""]
[PlyCount "101"]
[TimeControl "180+1"]

1. e4 e5 2. Nf3 Nc6 3. Bc4 Bc5 4. c3 Nf6 5. d4 exd4 6. e5 d5 7. Bb5 Ne4 
8. cxd4 Bb6 9. O-O Bg4 10. a4 a5 11. Nc3 O-O 12. Bxc6 bxc6 13. h3 Bh5 14. Be3 f6 
15. g4 Bg6 16. exf6 Qxf6 17. Ne5 Qh4 18. Nxe4 dxe4 19. Qb3+ Bf7 20. Nxf7 Rxf7 
21. Kg2 Qf6 22. Qc2 Bxd4 23. Bxd4 Qxd4 24. Rad1 Qf6 25. Qxe4 Rb8 26. Rd2 Rb4 
27. Qe8+ Rf8 28. Qe3 h5 29. gxh5 Rh4 30. Rc1 Rxa4 31. h6 gxh6 32. Qg3+ Kh8 
33. Qc3 Rf4 34. Qxf6+ R8xf6 35. Rcc2 Rb4 36. Rd8+ Kg7 37. Rd7+ Rf7 
38. Rxf7+ Kxf7 39. Rxc6 Rxb2 40. Rxh6 c5 41. h4 a4 42. Ra6 Rb4 43. Ra5 c4 
44. Kf3 c3 45. Ke2 Rxh4 46. Rc5 Rh3 47. f3 Rh8 48. Rxc3 Ke6 49. Kd3 Kd5 
50. Rc4 Ra8 51. Rd4+ 1/2-1/2

[Event "Saturday Night Round Robin 3m+1s Starts at 2200hrs ST No Late Joins Possilbe"]
[Site "Infinity Chess"]
[Date "2018.1.27"]
[Round "4"]
[White "MrScience"]
[Black "xeonrocks"]
[Result "1/2-1/2"]
[ECO "C65"]
[WhiteElo "2537"]
[BlackElo "2523"]
[WhiteEngine "BrainFish_x64_modern"]
[BlackEngine "asmFishW_CTG"]
[EventType "Round Robin"]
[WhiteTeam ""]
[BlackTeam ""]
[PlyCount "118"]
[TimeControl "180+1"]

1. e4 e5 2. Nf3 Nc6 3. Bb5 Nf6 4. O-O Nxe4 5. Re1 Nd6 6. Nxe5 Be7 7. Bf1 Nxe5 
8. Rxe5 O-O 9. d4 Bf6 10. Re1 Re8 11. c3 c6 12. Bf4 Rxe1 13. Qxe1 Ne8 14. Nd2 d5 
15. h3 Bf5 16. Qe3 Nd6 17. g4 Bg6 18. Re1 a5 19. Nf3 h6 20. Ne5 Be4 21. f3 Bc2 
22. Bg3 Bh4 23. Bxh4 Qxh4 24. Qf2 Qxf2+ 25. Kxf2 f6 26. Nd3 Kf7 27. h4 Re8 
28. Rc1 Bxd3 29. Bxd3 Ke6 30. a4 Rb8 31. Ra1 b6 32. b3 c5 33. Ke3 Kd7 
34. Kd2 Rb7 35. Kc2 Rb8 36. h5 Rb7 37. dxc5 bxc5 38. Rd1 Kc6 39. Re1 d4 
40. Ba6 Rb6 41. Bd3 Rb7 42. Ba6 Rb6 43. Bf1 dxc3 44. Re7 Rb7 45. Rxb7 Kxb7 
46. Bc4 f5 47. Bd5+ Kc7 48. Kxc3 Kd7 49. gxf5 Ke7 50. Be6 Kf6 51. f4 Nxf5 
52. Bxf5 Kxf5 53. Kc4 g5 54. hxg6 Kxg6 55. Kxc5 h5 56. b4 axb4 57. a5 b3 
58. a6 b2 59. a7 b1=Q 1/2-1/2

[Event "Saturday Night Round Robin 3m+1s Starts at 2200hrs ST No Late Joins Possilbe"]
[Site "Infinity Chess"]
[Date "2018.1.27"]
[Round "4"]
[White "Gilgamesch"]
[Black "incredible"]
[Result "1-0 "]
[ECO "C50"]
[WhiteElo "2557"]
[BlackElo "2478"]
[WhiteEngine "BrainFish_171005_x64_bmi2"]
[BlackEngine "Houdini 6"]
[EventType "Round Robin"]
[WhiteTeam ""]
[BlackTeam ""]
[PlyCount "221"]
[TimeControl "180+1"]

1. e4 e5 2. Nf3 Nc6 3. Bc4 Bc5 4. O-O d6 5. c3 Bg4 6. d3 Nf6 7. Re1 a5 8. h3 Bh5 
9. Bg5 h6 10. Bh4 g5 11. Bg3 O-O 12. Nbd2 Bb6 13. Rc1 Rb8 14. Qc2 Bg6 
15. Bb5 Na7 16. Ba4 Nh5 17. Bh2 Bxf2+ 18. Kxf2 b5 19. Bb3 a4 20. Bxa4 bxa4 
21. Qxa4 Nc8 22. b4 Nb6 23. Qb3 Ra8 24. Ra1 Na4 25. d4 Nf4 26. Kg1 Re8 
27. Rad1 Qf6 28. a3 Nd3 29. Re3 Nf4 30. Rde1 Nb6 31. Bg3 Kg7 32. Rf1 Kh8 
33. d5 Qg7 34. c4 f5 35. exf5 Bxf5 36. Ne4 Qg6 37. Nfd2 Ra4 38. Ra1 Rea8 
39. Ra2 h5 40. Re1 h4 41. Bh2 Nd7 42. Nc3 Nd3 43. Rf1 R4a7 44. Nf3 Rb7 
45. Re2 Rf8 46. Qd1 Rf7 47. Qd2 Rg7 48. Nb5 Qf6 49. Nfd4 Nf4 50. Bxf4 gxf4 
51. Nxf5 Qxf5 52. Nd4 Qh5 53. Ne6 Rg3 54. Ref2 Rb8 55. Qb2 Kh7 56. Rf3 Rbg8 
57. Rxg3 Rxg3 58. Qc2+ Qg6 59. Qxg6+ Kxg6 60. Nxc7 Rxa3 61. Ne8 Ra4 62. Rb1 Ra6 
63. b5 Rb6 64. Ra1 Kf7 65. Ra8 Nc5 66. Kf1 e4 67. Rc8 Nb3 68. Ke1 Nd4 
69. Nc7 Rb7 70. Na6 Nc2+ 71. Ke2 Nd4+ 72. Kf1 Ke7 73. Rc7+ Rxc7 74. Nxc7 Kd7 
75. b6 Kc8 76. Ne6 Nf5 77. Kf2 f3 78. gxf3 e3+ 79. Ke2 Kb7 80. Nf4 Kxb6 
81. Ng2 Kc5 82. Nxe3 Nd4+ 83. Kf2 Nb3 84. f4 Kd4 85. Kf3 Nd2+ 86. Ke2 Nb3 
87. f5 Ke5 88. Kf3 Kf6 89. Kg4 Nc5 90. Kxh4 Nd7 91. Kh5 Nc5 92. Kg4 Nd3 
93. h4 Ne5+ 94. Kf4 Nd3+ 95. Kg3 Nc5 96. Kg4 Nd3 97. h5 Ne5+ 98. Kg3 Kg5 
99. h6 Nf7 100. h7 Kh6 101. Ng4+ Kg7 102. Kf4 Kxh7 103. Nf6+ Kh6 104. Ne4 Ne5 
105. f6 Kg6 106. Nxd6 Nd7 107. f7 Nf8 108. c5 Kg7 109. Kf5 Kh7 110. Ne8 Kh6 
111. c6 1-0

[Event "Saturday Night Round Robin 3m+1s Starts at 2200hrs ST No Late Joins Possilbe"]
[Site "Infinity Chess"]
[Date "2018.1.27"]
[Round "4"]
[White "tris77"]
[Black "klasman"]
[Result "1/2-1/2"]
[ECO "C77"]
[WhiteElo "2397"]
[BlackElo "2478"]
[WhiteEngine "stockfish_18012416_x64_modern_CTG"]
[BlackEngine "asmFishW_2018-01-01_popcnt_CTG"]
[EventType "Round Robin"]
[WhiteTeam ""]
[BlackTeam ""]
[PlyCount "112"]
[TimeControl "180+1"]

1. e4 e5 2. Nf3 Nc6 3. Bb5 a6 4. Ba4 Nf6 5. O-O Be7 6. Re1 b5 7. Bb3 O-O 
8. c3 d5 9. exd5 Nxd5 10. Nxe5 Nxe5 11. Rxe5 c6 12. d4 Bd6 13. Re1 Qh4 
14. g3 Qh3 15. Be3 Be6 16. Qf3 a5 17. Qg2 Qxg2+ 18. Kxg2 Rfe8 19. Bd1 a4 
20. Bf3 a3 21. b3 Bd7 22. c4 bxc4 23. bxc4 Nxe3+ 24. Rxe3 Rxe3 25. fxe3 Bb4 
26. Kf2 Re8 27. Ke2 c5 28. d5 Rb8 29. Nd2 Bxd2 30. Kxd2 Rb2+ 31. Kc3 Kf8 
32. d6 Ke8 33. Be4 Re2 34. Rb1 Rxe3+ 35. Kd2 Rxe4 36. Rb8+ Bc8 37. Rxc8+ Kd7 
38. Rxc5 Kxd6 39. Rd5+ Kc6 40. Ra5 Rxc4 41. Kd3 Rg4 42. Ke3 g5 43. Rxa3 h5 
44. Ra6+ Kd5 45. Rf6 Re4+ 46. Kd3 Ra4 47. Rf5+ Ke6 48. Rxg5 h4 49. gxh4 Rxa2 
50. h3 Ra3+ 51. Ke4 f6 52. Rb5 f5+ 53. Kf4 Rxh3 54. h5 Rxh5 55. Rb6+ Kd5 
56. Rb1 Kd4 1/2-1/2

[Event "Saturday Night Round Robin 3m+1s Starts at 2200hrs ST No Late Joins Possilbe"]
[Site "Infinity Chess"]
[Date "2018.1.27"]
[Round "4"]
[White "Dovahkiin"]
[Black "star99"]
[Result "1/2-1/2"]
[ECO "C55"]
[WhiteElo "2459"]
[BlackElo "2445"]
[WhiteEngine "BrainFish_180113_x64_modern_CTG"]
[BlackEngine "Cryptic AIL V2"]
[EventType "Round Robin"]
[WhiteTeam ""]
[BlackTeam ""]
[PlyCount "115"]
[TimeControl "180+1"]

1. e4 e5 2. Nf3 Nc6 3. Bc4 Nf6 4. d3 Be7 5. O-O O-O 6. Re1 d6 7. a4 Na5 
8. Ba2 c5 9. Na3 Nc6 10. c3 Be6 11. Nc4 h6 12. Ne3 Bxa2 13. Rxa2 d5 
14. exd5 Nxd5 15. Nc4 Bf6 16. Nfxe5 Nxe5 17. Nxe5 Re8 18. Nf3 Bxc3 
19. Rxe8+ Qxe8 20. Qb3 Bd4 21. Qxd5 Qe2 22. h4 Qd1+ 23. Kh2 Qxc1 24. Nxd4 Qf4+ 
25. Kh3 Qxd4 26. Qxd4 cxd4 27. a5 Rc8 28. Ra3 g5 29. Rb3 Rc5 30. Rxb7 Rxa5 
31. g3 Rf5 32. Kg2 a5 33. hxg5 hxg5 34. Rd7 Rb5 35. Rxd4 Rxb2 36. Rd5 a4 
37. Rxg5+ Kf8 38. Ra5 Rb3 39. Rxa4 Rxd3 40. f4 Kg7 41. Ra7 Rd4 42. Kf3 Rd3+ 
43. Kf2 Kg6 44. g4 f6 45. Re7 Rd4 46. Kf3 Rc4 47. Re3 Rc1 48. Kg2 Rc2+ 
49. Kg3 Rc1 50. Kg2 Rc2+ 51. Kg3 Rc1 52. Rd3 Rg1+ 53. Kh3 Rf1 54. Rd4 Rg1 
55. Ra4 f5 56. g5 Rg4 57. Ra1 Rxf4 58. Kg3 1/2-1/2

[Event "Saturday Night Round Robin 3m+1s Starts at 2200hrs ST No Late Joins Possilbe"]
[Site "Infinity Chess"]
[Date "2018.1.27"]
[Round "4"]
[White "ludimilojko"]
[Black "BraveDevil"]
[Result "1/2-1/2 "]
[ECO "B90"]
[WhiteElo "2371"]
[BlackElo "2460"]
[WhiteEngine "asmFishW_2018-01-12_popcnt_CTG"]
[BlackEngine "Cryptic AIL V2"]
[EventType "Round Robin"]
[WhiteTeam ""]
[BlackTeam ""]
[PlyCount "174"]
[TimeControl "180+1"]

1. e4 c5 2. Nf3 d6 3. d4 cxd4 4. Nxd4 Nf6 5. Nc3 a6 6. Be3 e5 7. Nb3 Be6 
8. f3 Be7 9. Qd2 O-O 10. O-O-O Nbd7 11. g4 Qc7 12. Kb1 b5 13. g5 Nh5 
14. Nd5 Bxd5 15. exd5 Nb6 16. Na5 Nxd5 17. Qxd5 Qxa5 18. Bd3 g6 19. Qb7 Qd8 
20. Rhg1 d5 21. Be4 Rb8 22. Qxa6 d4 23. c3 Bc5 24. Qc6 Bb6 25. cxd4 exd4 
26. Bd2 Re8 27. Rgf1 b4 28. f4 Rc8 29. Qd5 Ng7 30. Qxd8 Bxd8 31. Bd3 Be7 
32. f5 Nxf5 33. Bxf5 gxf5 34. Rxf5 b3 35. axb3 Rb8 36. Bc1 Rxb3 37. Rxd4 Reb8 
38. Rd7 Ba3 39. Rf2 Bc5 40. Rc2 Be3 41. Bd2 Bxd2 42. Rcxd2 R8b6 43. Rf2 R3b4 
44. Rc7 Rb8 45. Kc1 Rg4 46. Rcxf7 Rg1+ 47. Rf1 Rxg5 48. R7f3 Kg7 49. R1f2 Rc5+ 
50. Rc3 Rcb5 51. Rg3+ Kh8 52. Kb1 Rb4 53. Ka2 Rh4 54. b3 h5 55. Rc3 Kg7 
56. Rc4 Ra8+ 57. Kb1 Rh3 58. b4 Rb8 59. Rcf4 Kh6 60. Rg2 Kh7 61. Rc4 Rb5 
62. Ka2 Rf3 63. Kb2 Rh3 64. Ka2 Rf3 65. Rc7+ Kh6 66. Rc6+ Kh7 67. Rc7+ Kh6 
68. Rc8 Kh7 69. Rc4 Rd3 70. h4 Rh3 71. Rc7+ Kh6 72. Rc6+ Kh7 73. Rc4 Kh6 
74. Rc6+ Kh7 75. Rc4 Kh6 76. Rgc2 Kg6 77. Rf4 Rd5 78. Rg2+ Kh6 79. Re4 Rdd3 
80. Rc4 Ra3+ 81. Kb1 Rh1+ 82. Kb2 Rah3 83. Rc6+ Kh7 84. b5 Rxh4 85. b6 Rb4+ 
86. Ka3 Rb5 87. Ka4 Rhb1 1/2-1/2

[Event "Saturday Night Round Robin 3m+1s Starts at 2200hrs ST No Late Joins Possilbe"]
[Site "Infinity Chess"]
[Date "2018.1.27"]
[Round "3"]
[White "star99"]
[Black "BraveDevil"]
[Result "1/2-1/2"]
[ECO "A46"]
[WhiteElo "2444"]
[BlackElo "2461"]
[WhiteEngine "Cryptic AIL V2"]
[BlackEngine "Cryptic AIL V2"]
[EventType "Round Robin"]
[WhiteTeam ""]
[BlackTeam ""]
[PlyCount "130"]
[TimeControl "180+1"]

1. d4 Nf6 2. Nf3 d5 3. c4 e6 4. e3 Be7 5. cxd5 exd5 6. Bd3 O-O 7. O-O Bg4 
8. Nc3 Nbd7 9. Qb3 Bxf3 10. gxf3 Nb6 11. Kh1 Re8 12. Rg1 g6 13. Bd2 Qd7 
14. Rg2 c6 15. Rag1 Bf8 16. e4 dxe4 17. Nxe4 Nxe4 18. fxe4 Qe6 19. Qxe6 Rxe6 
20. f4 Rd8 21. Bc3 Bg7 22. e5 c5 23. f5 Rc6 24. Be4 cxd4 25. Bxc6 bxc6 
26. f6 dxc3 27. fxg7 cxb2 28. Rxb2 Re8 29. Re1 c5 30. a4 Kxg7 31. Rb5 Nxa4 
32. Rb7 c4 33. e6 Nc5 34. Rxf7+ Kg8 35. Rxa7 Nxe6 36. Re4 c3 37. Rc4 Nf4 
38. Kg1 Nd5 39. Rc5 Re7 40. Rxe7 Nxe7 41. Rxc3 Kg7 42. Kf2 Kf6 43. Kf3 h5 
44. Rd3 Nf5 45. Rd1 Nh6 46. Rd6+ Kg5 47. Ra6 Kh4 48. Kg2 Ng4 49. Ra3 Ne5 
50. Re3 Ng4 51. Rc3 Ne5 52. Rc5 Ng4 53. Rc3 Ne5 54. Re3 Ng4 55. Re7 Kg5 
56. Kg3 Kf5 57. Rh7 Kf6 58. Rh8 Kg7 59. Rc8 g5 60. Rc2 Kf7 61. h3 Ne5 
62. h4 gxh4+ 63. Kxh4 Nf3+ 64. Kg3 Ne5 65. Kf4 Kf6 1/2-1/2

[Event "Saturday Night Round Robin 3m+1s Starts at 2200hrs ST No Late Joins Possilbe"]
[Site "Infinity Chess"]
[Date "2018.1.27"]
[Round "3"]
[White "klasman"]
[Black "Dovahkiin"]
[Result "1/2-1/2"]
[ECO "C50"]
[WhiteElo "2479"]
[BlackElo "2458"]
[WhiteEngine "asmFishW_2018-01-01_popcnt_CTG"]
[BlackEngine "BrainFish_180113_x64_modern_CTG"]
[EventType "Round Robin"]
[WhiteTeam ""]
[BlackTeam ""]
[PlyCount "129"]
[TimeControl "180+1"]

1. e4 e5 2. Nf3 Nc6 3. Bc4 Bc5 4. O-O Nf6 5. d3 d6 6. c3 a5 7. Bg5 Ba7 
8. Nbd2 h6 9. Bh4 g5 10. Bg3 O-O 11. Bb3 Nh7 12. Kh1 Qf6 13. Nc4 Qg7 14. Ne3 Nf6 
15. a4 Kh8 16. Qe2 Bd7 17. Nd2 Qg6 18. Bc2 Nh5 19. Ndc4 Nf4 20. Qd2 Be6 
21. Na3 Rac8 22. Nb5 Bxe3 23. fxe3 Nh5 24. Be1 f5 25. exf5 Bxf5 26. Kg1 Qe6 
27. Nxc7 Rxc7 28. g4 Rcf7 29. gxf5 Rxf5 30. Rxf5 Qxf5 31. Qe2 Qh3 32. Bd2 Kg7 
33. Qg2 Qe6 34. b4 e4 35. Qxe4 Qxe4 36. dxe4 Ne5 37. Bd1 Nf6 38. bxa5 Nc4 
39. Be1 Nxe3 40. Be2 Nxe4 41. Ra2 Ra8 42. Rb2 Rxa5 43. Rxb7+ Kf6 44. Bb5 Nc2 
45. Bf2 Nxf2 46. Kxf2 Na3 47. c4 Nxb5 48. axb5 Ra2+ 49. Kg3 Ra3+ 50. Kg2 h5 
51. b6 Ra2+ 52. Kg3 Ra3+ 53. Kf2 Ra2+ 54. Ke3 Rxh2 55. Rh7 Rb2 56. Rh6+ Ke5 
57. Rg6 g4 58. Rg5+ Ke6 59. Rxh5 g3 60. Rb5 g2 61. Rg5 Rxb6 62. Rxg2 Rb4 
63. Rg6+ Ke5 64. Rg1 Rxc4 65. Rg5+ 1/2-1/2

[Event "Saturday Night Round Robin 3m+1s Starts at 2200hrs ST No Late Joins Possilbe"]
[Site "Infinity Chess"]
[Date "2018.1.27"]
[Round "3"]
[White "incredible"]
[Black "tris77"]
[Result "1/2-1/2"]
[ECO "E10"]
[WhiteElo "2481"]
[BlackElo "2394"]
[WhiteEngine "Houdini 6"]
[BlackEngine "stockfish_18012416_x64_modern_CTG"]
[EventType "Round Robin"]
[WhiteTeam ""]
[BlackTeam ""]
[PlyCount "136"]
[TimeControl "180+1"]

1. d4 Nf6 2. c4 e6 3. Nf3 d5 4. Nc3 c6 5. Bg5 dxc4 6. e4 b5 7. e5 h6 8. Bh4 g5 
9. Nxg5 hxg5 10. Bxg5 Nbd7 11. exf6 Bb7 12. g3 c5 13. d5 Nxf6 14. Bg2 Bh6 
15. Bxf6 Qxf6 16. O-O O-O-O 17. Nxb5 a6 18. Nc3 exd5 19. Na4 Bf8 20. Re1 Bc6 
21. b3 c3 22. Qd3 c4 23. Qxc3 Qxc3 24. Nxc3 d4 25. Bxc6 dxc3 26. Rac1 Ba3 
27. Rc2 cxb3 28. axb3 Bb4 29. Bf3 f5 30. Re6 a5 31. Kg2 Kd7 32. Rf6 Rdf8 
33. Rg6 Rfg8 34. Rxg8 Rxg8 35. Be2 Ke7 36. Bd3 Kf6 37. Re2 f4 38. Bc2 Bd6 
39. Re4 Be5 40. Kf3 Rh8 41. gxf4 Bd6 42. Rc4 Bb4 43. Rc6+ Ke7 44. Kg3 Rg8+ 
45. Rg6 Rxg6+ 46. Bxg6 Kf6 47. Bh7 Be7 48. Bc2 Kf7 49. Be4 Bf6 50. Bf5 Ke7 
51. Bc2 Kd6 52. h4 Kc5 53. h5 Kb4 54. Kg4 Ka3 55. Kf5 Bh8 56. Ke4 Kb2 
57. Kd3 Bd4 58. h6 Bf6 59. f3 Kc1 60. h7 Bg7 61. f5 Kb2 62. f4 Bh8 63. Bd1 Kc1 
64. f6 Bxf6 65. Bc2 Kb2 66. Bd1 Kc1 67. Bc2 Kb2 68. Bd1 Kc1 1/2-1/2

[Event "Saturday Night Round Robin 3m+1s Starts at 2200hrs ST No Late Joins Possilbe"]
[Site "Infinity Chess"]
[Date "2018.1.27"]
[Round "3"]
[White "xeonrocks"]
[Black "Gilgamesch"]
[Result "1/2-1/2"]
[ECO "C53"]
[WhiteElo "2521"]
[BlackElo "2559"]
[WhiteEngine "asmFishW_CTG"]
[BlackEngine "BrainFish_171005_x64_bmi2"]
[EventType "Round Robin"]
[WhiteTeam ""]
[BlackTeam ""]
[PlyCount "90"]
[TimeControl "180+1"]

1. e4 e5 2. Nf3 Nc6 3. Bc4 Bc5 4. c3 Nf6 5. d4 exd4 6. e5 d5 7. Bb5 Ne4 
8. cxd4 Bb6 9. O-O Bg4 10. a4 a5 11. Nc3 O-O 12. Bxc6 bxc6 13. h3 Bh5 14. g4 Bg6 
15. Be3 h5 16. Rc1 hxg4 17. hxg4 f6 18. exf6 Qxf6 19. Ne5 Rae8 20. f4 Qh4 
21. Qe1 Ng3 22. Kg2 Rxe5 23. dxe5 Bxe3 24. Qxg3 Qxg3+ 25. Kxg3 Bd3 26. f5 d4 
27. Kf3 Bxc1 28. Rxc1 dxc3 29. Rxc3 Ba6 30. Ke3 Rb8 31. Rxc6 Rb3+ 32. Kd2 Rxb2+ 
33. Kc3 Rb6 34. Rxc7 Bb7 35. Kd4 Bf3 36. g5 Bg4 37. f6 gxf6 38. exf6 Rb4+ 
39. Ke5 Bh5 40. g6 Bxg6 41. Rg7+ Kf8 42. Rxg6 Rxa4 43. Rg5 Ra1 44. f7 Kxf7 
45. Rg2 a4 1/2-1/2

[Event "Saturday Night Round Robin 3m+1s Starts at 2200hrs ST No Late Joins Possilbe"]
[Site "Infinity Chess"]
[Date "2018.1.27"]
[Round "3"]
[White "MrScience"]
[Black "ludimilojko"]
[Result "1/2-1/2"]
[ECO "C77"]
[WhiteElo "2544"]
[BlackElo "2364"]
[WhiteEngine "BrainFish_x64_modern"]
[BlackEngine "asmFishW_2018-01-12_popcnt_CTG"]
[EventType "Round Robin"]
[WhiteTeam ""]
[BlackTeam ""]
[PlyCount "112"]
[TimeControl "180+1"]

1. e4 e5 2. Nf3 Nc6 3. Bb5 a6 4. Ba4 Nf6 5. O-O Be7 6. Re1 b5 7. Bb3 O-O 
8. c3 d5 9. exd5 Nxd5 10. Nxe5 Nxe5 11. Rxe5 c6 12. Re1 Bd6 13. d3 Bf5 
14. Qf3 Qh4 15. g3 Qh3 16. Be3 Bxd3 17. Nd2 Qf5 18. Bd4 Rae8 19. a4 h6 
20. Kg2 Qxf3+ 21. Kxf3 Re6 22. Kg2 Rxe1 23. Rxe1 Rd8 24. Ne4 Bxe4+ 25. Rxe4 bxa4 
26. Bxa4 c5 27. Be5 Bxe5 28. Rxe5 c4 29. Kf1 Kf8 30. Bc6 Nf6 31. Ke1 Rb8 
32. Re2 g5 33. Kd1 Rb6 34. Bg2 Nd7 35. Bd5 Rd6 36. Rd2 Ne5 37. Ke2 g4 38. Ke3 f6 
39. Be4 Rb6 40. Rc2 Ke7 41. f4 gxf3 42. Bxf3 Nxf3 43. Kxf3 Rd6 44. Ke3 Rd3+ 
45. Kf4 h5 46. Rf2 Kf7 47. g4 hxg4 48. Kxg4 a5 49. h4 a4 50. Rf4 a3 
51. bxa3 Rxc3 52. a4 Rc2 53. Kf5 Rc1 54. a5 Ra1 55. Rxc4 Rxa5+ 56. Ke4 Kg6 
1/2-1/2

[Event "Saturday Night Round Robin 3m+1s Starts at 2200hrs ST No Late Joins Possilbe"]
[Site "Infinity Chess"]
[Date "2018.1.27"]
[Round "2"]
[White "Gilgamesch"]
[Black "MrScience"]
[Result "1/2-1/2"]
[ECO "C11"]
[WhiteElo "2560"]
[BlackElo "2543"]
[WhiteEngine "BrainFish_171005_x64_bmi2"]
[BlackEngine "BrainFish_x64_modern"]
[EventType "Round Robin"]
[WhiteTeam ""]
[BlackTeam ""]
[PlyCount "285"]
[TimeControl "180+1"]

1. e4 e6 2. d4 d5 3. Nc3 Nf6 4. e5 Nfd7 5. f4 c5 6. Nf3 Nc6 7. Be3 Be7 
8. Qd2 O-O 9. dxc5 Bxc5 10. O-O-O Qb6 11. Nd4 Qc7 12. Ncb5 Qb8 13. Nf3 a6 
14. Nbd4 Nxd4 15. Bxd4 Bxd4 16. Qxd4 Qa7 17. Bd3 Qxd4 18. Nxd4 Nc5 19. Rhe1 b5 
20. a3 Bd7 21. c3 Rfc8 22. Bc2 a5 23. Kd2 h5 24. g3 Rc7 25. Rc1 Na4 
26. Bxa4 bxa4 27. h3 Kf8 28. Rc2 Ke7 29. Ke3 Rh8 30. Rh2 Rcc8 31. Ree2 Rh7 
32. Rhf2 Rh6 33. Kd3 Rb8 34. Ke3 Rf8 35. Re1 Rhh8 36. Rg2 Rfg8 37. Rc2 Rc8 
38. Ree2 Be8 39. Kf3 Bd7 40. Rh2 g6 41. Ke3 Rc4 42. Rhg2 Ke8 43. Rh2 Ke7 
44. g4 Rcc8 45. Rcd2 Kd8 46. Nf3 Ke8 47. Kf2 Ke7 48. Kg3 Rcg8 49. Nd4 Rc8 
50. Rhf2 hxg4 51. hxg4 Rh1 52. Rh2 Rg1+ 53. Rdg2 Rb1 54. Kh4 Rh8+ 55. Kg5 Rxh2 
56. Rxh2 Rg1 57. Ne2 Re1 58. Nd4 Rc1 59. Rd2 Be8 60. Kh4 Rh1+ 61. Kg3 Rg1+ 
62. Kf3 Bd7 63. Ne2 Re1 64. Kf2 Rh1 65. Ng1 Rh2+ 66. Ke3 Rh1 67. Nf3 Bb5 
68. Kf2 Rh3 69. Rd4 Rh1 70. Kg3 Rb1 71. Rd2 Bd7 72. Kf2 Bb5 73. Nd4 Bd7 
74. Kg2 Kf8 75. Ne2 Ke7 76. Nd4 Kf8 77. Rf2 Ke8 78. Kf3 Ke7 79. Kg3 Rh1 
80. Nf3 Rb1 81. Rc2 Rd1 82. Rd2 Rf1 83. Re2 Rb1 84. Rd2 Bc6 85. Nd4 Bd7 
86. Kf2 Rh1 87. Nf3 Bb5 88. Ke3 Rh3 89. Kf2 Rh1 90. Kg3 Bd7 91. Rh2 Rf1 
92. Rd2 Bb5 93. Nd4 Bd7 94. Rg2 Re1 95. g5 Rf1 96. Kg4 Kf8 97. Rh2 Ke7 
98. Re2 Kd8 99. Rh2 Ke7 100. Kg3 Re1 101. Rh8 Be8 102. Rh7 Bd7 103. Nf3 Rb1 
104. Rh2 Be8 105. Rc2 Rf1 106. c4 Bc6 107. cxd5 Bxd5 108. Nd4 Ke8 109. Nb5 Rg1+ 
110. Kh3 Rh1+ 111. Rh2 Rd1 112. Nd6+ Ke7 113. Kg4 Rg1+ 114. Kh3 Kf8 
115. Rd2 Rh1+ 116. Kg3 Rg1+ 117. Kh3 Rh1+ 118. Kg3 Rg1+ 119. Kf2 Rg2+ 
120. Ke3 Rg3+ 121. Ke2 Rg2+ 122. Kd1 Rg3 123. Rd4 Rg2 124. Nc4 Bxc4 
125. Rxc4 Rxb2 126. Rxa4 Rf2 127. Kc1 Ke8 128. Rc4 Kd7 129. Kd1 Rf3 130. Ra4 Rf2 
131. Ke1 Rc2 132. Rxa5 Rc4 133. Ke2 Rxf4 134. Ra7+ Kc6 135. a4 Kb6 136. Rd7 Rxa4 
137. Rxf7 Re4+ 138. Kf3 Rxe5 139. Rf6 Re1 140. Rxg6 Kc5 141. Rg8 Kd6 
142. Kf2 Ra1 143. Rg7 1/2-1/2